 Dungeon Crawl Stone Soup version 0.28-a0-1524-ge72afd5fc6 (webtiles) character file.

Game seed: 14320507781544916780

76 Pin the Skirmisher (level 4, -11/37 HPs)
             Began as a Formicid Abyssal Knight on Jan 17, 2022.
             Was a Follower of Lugonu.
             Mangled by a gnoll (13 damage)
             ... on level 3 of the Dungeon.
             The game lasted 00:03:01 (2113 turns).

Pin the Skirmisher (Formicid Abyssal Knight)        Turns: 2113, Time: 00:03:02

Health: -11/37     AC:  3    Str: 19    XL:     4   Next: 57%
Magic:  6/6        EV: 11    Int: 10    God:    Lugonu [*.....]
Gold:   34         SH:  0    Dex: 11    Spells: 3/3 levels left

rFire   . . .      SeeInvis +   a - +1 hand axe (freeze)
rCold   . . .      Faith    .   (no shield)
rNeg    . . .      Spirit   .   b - +0 leather armour
rPois   .          Reflect  .   (helmet unavailable)
rElec   .          Harm     .   (no cloak)
rCorr   .          Rampage  .   (no gloves)
Will    .....                   (no boots)
Stlth   +.........              (no amulet)
HPRegen 0.12/turn               (no ring)
MPRegen 0.10/turn               (no ring)

@: no status effects
A: permanent stasis, dig shafts and tunnels, antennae 3, four strong arms
a: Dig, Shaft Self, Renounce Religion, Depart the Abyss


You were on level 3 of the Dungeon.
You worshipped Lugonu.
Lugonu was aware of your devotion.
You visited 1 branch of the dungeon, and saw 3 of its levels.
You visited the Abyss 1 time.

You collected 34 gold pieces.

Inventory:

Hand Weapons
 a - a +1 hand axe of freezing (weapon)
Armour
 b - a +0 leather armour (worn)
Scrolls
 c - a scroll of identify
 h - a scroll of noise {unknown}
 i - a scroll of fear {unknown}
Potions
 d - a potion of might {unknown}
 e - 2 potions of flight {unknown}
 f - a potion of invisibility {unknown}
 g - 2 potions of mutation {unknown}


   Skills:
 + Level 3.9 Fighting
 + Level 2.5 Axes
 + Level 2.8 Armour
 + Level 1.7 Dodging
 + Level 3.0 Invocations


You had 3 spell levels left.
You didn't know any spells.
Your spell library contained the following spells:

 Spells                   Type           Power      Damage    Failure   Level
 Magic Dart               Conj           0%         1d3       41%         1
 Searing Ray              Conj           0%         2d4       56%         2
 Gell's Gravitas          Tloc           0%         N/A       80%         3
 Lesser Beckoning         Tloc           0%         N/A       80%         3
 Teleport Other           Tloc           0%         N/A       80%         3
 Fulminant Prism          Conj/Hex       0%         3d6       99%         4
 Manifold Assault         Tloc           0%         N/A       100%        5
 Dispersal                Tloc           0%         N/A       100%        6
 Blink                    Tloc           Unusable   N/A       N/A         2

Dungeon Overview and Level Annotations

Branches:
Dungeon (3/15)

Altars:


Innate Abilities, Weirdness & Mutations

You cannot be hasted, slowed, berserked, paralysed or teleported.
You can dig through walls and to a lower floor.
You have a pair of large antennae on your head. (SInv)
Your four strong arms can wield two-handed weapons with a shield.


Message History

You barely miss the gnoll.
The gnoll is heavily wounded.
The gnoll closely misses you.
You closely miss the gnoll.
The gnoll is moderately wounded.
The gnoll hits you with a +0 club!
You hit the gnoll. You freeze the gnoll.
The gnoll is heavily wounded.
The gnoll barely misses you.
You hit the gnoll. You freeze the gnoll.
You kill the gnoll!
Lugonu accepts your kill.
Your Invocations skill increases to level 3!
You closely miss the gnoll. The gnoll hits you with a +0 flail!
* * * LOW HITPOINT WARNING * * *
The gnoll closely misses you.
You hit the gnoll. You freeze the gnoll.
The gnoll is severely wounded.
The gnoll hits you with a +0 flail!
* * * LOW HITPOINT WARNING * * *
The gnoll hits you from afar with a +0 halberd.
* * * LOW HITPOINT WARNING * * *
You hit the gnoll. You freeze the gnoll.
You kill the gnoll!
Lugonu accepts your kill. The gnoll barely misses you. The gnoll misses you.
Things that are here:
a +0 flail; a +0 club You barely miss the gnoll.
The gnoll barely misses you.
You hit the gnoll. You freeze the gnoll.
The gnoll is moderately wounded.
The gnoll barely misses you.
You hit the gnoll. You freeze the gnoll.
The gnoll is severely wounded.
The gnoll hits you but does no damage.
You closely miss the gnoll.
The gnoll is severely wounded.
The gnoll hits you with a +0 halberd!
You die... .....P.
PP...P. .P.....
PP..P..
PPPP..g##

......g.# ....
#.#
#....#.##########
#<...#gg@.......#
#...#####....#
###..####....#
##.#.......#
#..<......##
#..........#
#..........#
#..........#
#..........#


You could see 2 gnolls.

Vanquished Creatures
  An adder (D:2)
  2 gnolls (D:3)
  A worm (D:2)
  A dart slug (D:1)
  An orc (D:2)
  4 ball pythons (D:1)
  2 endoplasms
  3 goblins
  5 hobgoblins
  4 jackals (D:1)
  A quokka (D:1)
  6 bats
  5 frilled lizards
  5 kobolds (D:1)
  4 rats
45 creatures vanquished.

Vanquished Creatures (others)
  6 plants (D:3)
6 creatures vanquished.

Grand Total: 51 creatures vanquished

Notes
Turn   | Place    | Note
-------+----------+-------------------------------------------
     0 | Abyss:1  | Pin the Formicid Abyssal Knight began the quest for the
                  | Orb.
     0 | Abyss:1  | Reached XP level 1. HP: 18/18 MP: 2/2
    55 | Abyss:1  | Noticed a caustic shrike zombie
    56 | D:1      | Escaped the Abyss
   177 | D:1      | Reached skill level 1 in Dodging
   180 | D:1      | Reached XP level 2. HP: 10/24 MP: 3/3
   421 | D:1      | Found a faded altar of an unknown god.
   539 | D:1      | Reached * piety under Lugonu
   635 | D:1      | Reached XP level 3. HP: 19/29 MP: 4/4
  1480 | D:2      | Reached XP level 4. HP: 37/37 MP: 6/6
  2113 | D:3      | Mangled by a gnoll

Illustrated notes

Levels and vault maps discovered:
D:1:      saegor_arrival_fortress, layout_rooms,
          nicolae_ecumenical_snake_handling
D:2:      layout_basic
D:3:      layout_rooms, nicolae_grassy_gnolls

Skill      XL: |  1  2  3  4 |
---------------+-------------+-----
Dodging        | 1 |  1.7
Invocations    | 3 |  3.0
Fighting       | |  3.9
Axes           | |  2.5
Armour         | |  2.8

Action                   |  1- 3 |  4- 6 || total
-------------------------+-------+-------++-------
Melee: Hand axe          |    93 |    36 ||   129
Invok: Depart the Abyss  |     1 |       ||     1
  Use: Scroll            |     4 |       ||     4
Armor: Leather armour    |    25 |     7 ||    32
Dodge: Dodged            |    70 |    24 ||    94

Table legend: (Time is in decaauts)
 A = Elapsed time spent in this place.
 B = Non-inter-level travel time spent in this place.
 C = Inter-level travel time spent in this place.
 D = Time resting spent in this place.
 E = Time spent auto-exploring this place.
 F = Levels seen in this place.
 G = Mean time per level.
                   A        B        C        D        E       F      G
               +--------+--------+--------+--------+--------+-----+--------+
         Total |   2136 |   2082 |     54 |    419 |   1333 |   4 |  534.0 |
       Dungeon |   2080 |   2026 |     54 |    419 |   1279 |   3 |  693.3 |
         Abyss |     56 |     56 |      0 |      0 |     54 |   1 |   56.0 |
               +--------+--------+--------+--------+--------+-----+--------+

Top non-repeatable levels by time:
     D:1: 1253 daAuts
     D:2: 757 daAuts
     D:3: 69 daAuts
 Abyss:1: 56 daAuts
